 Dungeon Crawl Stone Soup version 0.20.1-1-g8b1a95d (webtiles) character file.

10070 HammerPanzer the Fencer (level 11, -5/222 HPs)
             Began as a Minotaur Berserker on Oct 31, 2017.
             Was a High Priest of Trog.
             Slain by a ten-headed hydra (7 damage)
             ... on level 11 of the Dungeon.
             The game lasted 00:36:19 (10220 turns).

HammerPanzer the Fencer (Minotaur Berserker)       Turns: 10220, Time: 00:36:21

Health: -5/222     AC: 25    Str: 30    XL:     11   Next: 31%
Magic:  10/10      EV:  2    Int:  3    God:    Trog [*****.]
Gold:   493        SH:  0    Dex:  7    Spells: 10/10 levels left

rFire    + . .     SeeInvis .   O - +1 triple sword (holy)
rCold    . . .     Gourm    .   (shield currently unavailable)
rNeg     + + +     Faith    .   (armour currently unavailable)
rPois    +         Spirit   .   (helmet currently unavailable)
rElec    .         Reflect  .   (cloak currently unavailable)
rCorr    .         Harm     .   (gloves currently unavailable)
MR       .....     NoTele   +   (boots currently unavailable)
Stlth    ..........             (no amulet)
Regen    0.5/turn               d - ring of positive energy
MPRegen  0.2/turn               A - ring of protection from fire

@: berserking, tree-form, very quick
A: (retaliatory headbutt), clumsy 1, deterioration 1, dopey 1, frail 1,
MP-powered wands
a: Berserk, Trog's Hand, Brothers in Arms, Burn Spellbooks, Renounce Religion


You were on level 11 of the Dungeon.
You worshipped Trog.
Trog was extremely pleased with you.
You were very hungry.
You were a tree.
You visited 1 branch of the dungeon, and saw 12 of its levels.

You collected 493 gold pieces.

Inventory:

Hand Weapons
 O - a +1 triple sword of holy wrath (weapon)
Missiles
 q - 5 javelins of penetration (quivered)
 z - 2 poisoned javelins
 F - 4 javelins of returning
Armour
 b - a +0 plate armour (melded)
 p - a +0 pair of gloves (melded)
 w - a +0 cloak (melded)
 N - a +0 pair of boots (melded)
Jewellery
 d - a ring of positive energy (left branch)
 t - an uncursed ring of resist corrosion
 A - a ring of protection from fire (right branch)
Wands
 o - a wand of flame (23/48)
 y - a wand of lightning (10/15)
 D - a wand of confusion (21/48)
 M - a wand of iceblast (5/15)
 P - a wand of paralysis (3/24)
Scrolls
 g - 2 scrolls of fog
 h - a scroll of teleportation
 r - a scroll of fear
 v - 5 scrolls of remove curse
 K - a scroll of enchant weapon
Potions
 a - 2 potions of might
 e - a potion of flight
 f - a potion of ambrosia
 i - 5 potions of haste
 k - 2 potions of curing
 l - a potion of lignification
 n - 3 potions of resistance
 s - a potion of invisibility
 u - a potion of heal wounds
 E - a potion of mutation
 J - 3 potions of agility
Comestibles
 c - 11 bread rations
 j - 6 fruits
 m - 2 royal jellies
 x - 5 meat rations


   Skills:
 + Level 14.0 Fighting
   Level 0.9(9.5) Short Blades
 * Level 15.4 Long Blades
 - Level 2.4 Armour
 - Level 2.1 Dodging


You had 10 spell levels left.
You didn't know any spells.

Dungeon Overview and Level Annotations

Branches:
Dungeon (12/15)            Temple (0/1) D:6            Lair (0/6) D:11
    Orc: D:9-12

Altars:
Ashenzari
Cheibriados
Dithmenos
Fedhas
Nemelex Xobeh
Qazlal
Ru
Vehumet
Xom
Zin


Innate Abilities, Weirdness & Mutations

((You reflexively headbutt those who attack you in melee.))
((You have a pair of horns on your head.))
You are clumsy. (Dex -2)
((Your flesh is cold resistant. (rC+)))
Your body sometimes deteriorates upon taking damage.
You are dopey. (Int -2)
You are frail. (-10% HP)
((You are covered in fur. (AC +1)))
You expend magic power (3 MP) to strengthen your wands.


Message History

* * * LOW HITPOINT WARNING * * *
The ten-headed hydra bites you!
* * * LOW HITPOINT WARNING * * *
The ten-headed hydra bites you but does no damage. x2
The ten-headed hydra bites you.
* * * LOW HITPOINT WARNING * * *
The iguana bites you but does no damage.
You completely miss the ten-headed hydra.
The ten-headed hydra is severely wounded.
The ten-headed hydra bites you but does no damage.
The ten-headed hydra bites you.
* * * LOW HITPOINT WARNING * * *
The ten-headed hydra bites you!
* * * LOW HITPOINT WARNING * * *
The ten-headed hydra barely misses you.
The ten-headed hydra bites you but does no damage. x2
The ten-headed hydra barely misses you.
The ten-headed hydra bites you but does no damage.
The ten-headed hydra bites you!
You die...

##############...........
#............#...........
#............####........ ......
#...............#........
.....####...............#....>...
.....#.........####'#†..###......
.....#.........#....#.....#.....!
.....#.........#.D..#.....#......
.....#.........#♣l..#.....l......
.....#.........##(###.....#(.....
.....#...........(........#......
.....##..######........####......
......#..#....#........#.........
......#..#....#........#.........
......#..'....#(.......#.........
......#..#...^#........#.........
......#..#....#........#.........


You could see a ten-headed hydra and an iguana.

Vanquished Creatures
  A hydra (D:11)
  2 two-headed ogres (D:11)
  The ghost of Mlkhall the Transmogrifier, a novice DrTm of Vehumet (D:9)
  Pikel (D:5)
  An ugly thing (D:11)
  The ghost of Gremour the Carver, a novice MiMo (D:4)
  A gargoyle (D:8)
  A hornet (D:11)
  Grinder (D:5)
  A shadow (D:11)
  Sigmund (D:2)
  3 yaks (D:10)
  2 hungry ghosts
  A steam dragon (D:11)
  A soldier ant (D:11)
  Duvessa (D:5)
  A water moccasin (D:9)
  3 orc warriors
  4 sky beasts
  2 black bears
  2 ice beasts
  3 phantoms
  3 ogres
  2 centaurs
  2 big kobolds
  4 bullfrogs
  A gnoll sergeant (D:10)
  Dowan (D:5)
  3 scorpions
  4 killer bees (D:9)
  5 wights (D:6)
  A howler monkey (D:4)
  2 jellies (D:7)
  A centaur zombie (D:6)
  4 crimson imps
  7 hounds
  3 centaur skeletons
  A quasit (D:8)
  4 orc priests
  9 orc wizards
  A bullfrog skeleton (D:7)
  Crazy Yiuf (D:5)
  8 worker ants
  3 hound skeletons
  3 gnolls (D:10)
  11 adders
  5 shadow imps
  An ooze (D:1)
  2 adder skeletons
  A worm (D:3)
  2 dart slugs
  4 leopard geckos
  45 orcs
  A ball python (D:1)
  6 giant cockroaches
  5 hobgoblins
  11 jackals
  6 quokkas
  5 bats
  8 frilled lizards
  12 goblins
  A jackal skeleton (D:4)
  12 kobolds
  A leopard gecko skeleton (D:7)
  A leopard gecko zombie (D:6)
  2 quokka skeletons
  6 rats
256 creatures vanquished.

Vanquished Creatures (others)
  An orc (D:5)
1 creature vanquished.

Grand Total: 257 creatures vanquished

Notes
Turn   | Place    | Note
-------+----------+-------------------------------------------
     0 | D:1      | HammerPanzer the Minotaur Berserker began the quest for the Orb.
     0 | D:1      | Reached XP level 1. HP: 19/19 MP: 0/0
   188 | D:1      | Reached skill level 4 in Long Blades
   347 | D:1      | Reached XP level 2. HP: 27/27 MP: 1/1
   839 | D:1      | Reached XP level 3. HP: 33/33 MP: 2/2
  1225 | D:2      | Found a stormy altar of Qazlal.
  1279 | D:2      | Noticed Sigmund
  1290 | D:2      | Reached ** piety under Trog
  1295 | D:2      | Killed Sigmund
  1295 | D:2      | Reached skill level 5 in Fighting
  1295 | D:2      | Reached skill level 6 in Long Blades
  1295 | D:2      | Reached XP level 4. HP: 42/42 MP: 3/3
  1295 | D:2      | Reached XP level 5. HP: 48/48 MP: 4/4
  2125 | D:3      | Reached XP level 6. HP: 56/57 MP: 5/5
  2270 | D:3      | Found a snail-covered altar of Cheibriados.
  2715 | D:5      | Entered Level 5 of the Dungeon
  2995 | D:4      | Reached *** piety under Trog
  3225 | D:4      | Noticed Gremour's ghost (novice MiMo)
  3234 | D:4      | Killed Gremour's ghost
  3234 | D:4      | Reached XP level 7. HP: 69/69 MP: 6/6
  4049 | D:6      | Reached skill level 10 in Fighting
  4052 | D:6      | Reached XP level 8. HP: 80/80 MP: 7/7
  4068 | D:5      | Noticed Dowan
  4069 | D:5      | Noticed Duvessa
  4092 | D:5      | Killed Duvessa
  4108 | D:5      | Killed Dowan
  4108 | D:5      | Reached skill level 7 in Long Blades
  4467 | D:5      | Found a shadowy altar of Dithmenos.
  4492 | D:5      | Noticed Grinder
  4492 | D:5      | Noticed Pikel
  4503 | D:5      | Killed Pikel
  4503 | D:5      | Reached skill level 9 in Long Blades
  4505 | D:5      | Paralysed by Grinder for 3 turns
  4509 | D:5      | Killed Grinder
  4742 | D:5      | Found a runed door.
  4746 | D:5      | Noticed Crazy Yiuf
  4749 | D:5      | Reached XP level 9. HP: 83/89 MP: 8/8
  4751 | D:5      | Killed Crazy Yiuf
  4958 | D:5      | Found a shattered altar of Ashenzari.
  5253 | D:6      | Reached skill level 10 in Long Blades
  5364 | D:6      | Found a staircase to the Ecumenical Temple.
  5414 | D:6      | Found a sparkling altar of Nemelex Xobeh.
  5451 | D:6      | Reached **** piety under Trog
  5532 | D:6      | Found a sacrificial altar of Ru.
  5613 | D:6      | Gained mutation: You expend magic power (3 MP) to strengthen your wands. [mutagenic meat]
  5614 | D:6      | Gained mutation: You are dopey. (Int -2) [mutagenic meat]
  5615 | D:6      | Gained mutation: Your body sometimes deteriorates upon taking damage. [mutagenic meat]
  5616 | D:6      | Gained mutation: You are weak. (Str -2) [mutagenic meat]
  5617 | D:6      | Lost mutation: You are weak. (Str -2) [mutagenic meat]
  5853 | D:7      | Noticed an angel
  5869 | D:7      | Reached skill level 11 in Long Blades
  5872 | D:7      | Found a shimmering altar of Xom.
  5890 | D:7      | Found a glowing silver altar of Zin.
  6376 | D:7      | Found a radiant altar of Vehumet.
  6453 | D:7      | Received a gift from Trog
  6799 | D:8      | Found a blossoming altar of Fedhas.
  6846 | D:8      | Reached skill level 12 in Long Blades
  6915 | D:8      | Noticed a gargoyle
  6931 | D:8      | Killed a gargoyle
  6931 | D:8      | Reached XP level 10. HP: 99/99 MP: 9/9
  6937 | D:8      | Received a gift from Trog
  7776 | D:9      | Reached skill level 13 in Long Blades
  7793 | D:9      | Reached ***** piety under Trog
  7998 | D:9      | Noticed Mlkhall's ghost (novice DrTm)
  8011 | D:9      | Killed Mlkhall's ghost
  8104 | D:10     | Entered Level 10 of the Dungeon
  8860 | D:10     | Reached skill level 14 in Long Blades
  8926 | D:11     | Found a blossoming altar of Fedhas.
  9004 | D:11     | Noticed a two-headed ogre
  9011 | D:11     | Killed a two-headed ogre
  9226 | D:11     | Found a staircase to the Lair.
  9266 | D:12     | Received a gift from Trog
  9443 | D:11     | Reached XP level 11. HP: 95/107 MP: 10/10
  9468 | D:12     | Noticed a two-headed ogre
  9556 | D:11     | Noticed a cyan ugly thing
  9559 | D:11     | Killed a cyan ugly thing
  9591 | D:11     | Gained mutation: You are covered in fur. (AC +1) [mutagenic meat]
  9592 | D:11     | Gained mutation: You are frail. (-10% HP) [mutagenic meat]
  9593 | D:11     | Gained mutation: You are clumsy. (Dex -2) [mutagenic meat]
  9594 | D:11     | Gained mutation: Your flesh is cold resistant. (rC+) [mutagenic meat]
  9601 | D:11     | Noticed a four-headed hydra
  9611 | D:11     | Killed an eight-headed hydra
  9611 | D:11     | Reached skill level 15 in Long Blades
  9794 | D:11     | Noticed a two-headed ogre
  9797 | D:11     | Killed a two-headed ogre
 10011 | D:11     | Noticed a two-headed ogre
 10203 | D:11     | Noticed a five-headed hydra
 10220 | D:11     | HP: 10/222 [ten-headed hydra (2)]
 10220 | D:11     | HP: 2/222 [ten-headed hydra (8)]
 10220 | D:11     | Slain by a ten-headed hydra

Skill      XL: |  1  2  3  4  5  6  7  8  9 10 11 |
---------------+----------------------------------+-----
Long Blades    | 4 6 9 12 14 15 | 15.4
Fighting       | 4 5 6 8 10 11 12 13 14 | 14.0
Short Blades   | |  0.9
Armour         | |  2.4
Dodging        | |  2.1

Action                   |  1- 3 |  4- 6 |  7- 9 | 10-12 || total
-------------------------+-------+-------+-------+-------++-------
Melee: Falchion          |    24 |       |       |       ||    24
       Headbutt          |     6 |    18 |    55 |    52 ||   131
       Short sword       |    38 |    97 |    25 |       ||   160
       Scimitar          |       |       |   226 |       ||   226
       Long sword        |       |       |    19 |   206 ||   225
       Triple sword      |       |       |       |    58 ||    58
Throw: Tomahawk          |       |       |     1 |       ||     1
       Javelin           |       |       |     1 |    17 ||    18
Invok: Berserk           |     1 |     2 |     8 |     8 ||    19
       Burn Spellbooks   |       |     1 |       |       ||     1
  Use: Scroll            |       |       |    13 |     7 ||    20
       Potion            |       |       |     1 |     3 ||     4
  Eat: Chunk             |     1 |     8 |    25 |    20 ||    54
       Fruit             |       |       |     2 |     2 ||     4
       Royal jelly       |       |       |     1 |       ||     1
Armor: Animal skin       |     7 |       |       |       ||     7
       Scale mail        |     9 |     5 |       |       ||    14
       Plate armour      |       |    40 |   144 |   192 ||   376
       Chain mail        |       |     5 |       |       ||     5
       Skin              |       |       |       |    38 ||    38
Dodge: Dodged            |    34 |    49 |    91 |   107 ||   281
       Rpst.: Falchion   |     3 |       |       |       ||     3
       Scimitar          |       |       |    17 |       ||    17
       Long sword        |       |       |     1 |    16 ||    17
       Triple sword      |       |       |       |     4 ||     4
